Unix NetHack Version 5.0.0-0 post-release - last build May  4 2026 22:22:43 (774f63e81ad911689b3a0859ea89b322d5daca8d,branch:main).

Game began 2026-05-09 21:38:15, ended 2026-05-09 21:45:47.

Kwijibo4686, neutral female human Valkyrie

                                                    ---
                                                    ..---
                                             .|  ---....|
                                             ..  .......--
                                             -.| ..........
                                             |.--..h...
                                            --.....G.-
                                         ----.....d..|
                                         |.h@...<....-
                                         |.(--.........|
                                         --- ---...---....
                                               -----  - ...
                                                        ---

Kwijibo4686 the Skirmisher  St:17 Dx:12 Co:18 In:8 Wi:10 Ch:11  Neutral
Dlvl:5  $:69 HP:0(27) Pw:9(9) AC:6  Xp:3 T:1267  Weak    

Latest messages:
 You already found a monster.  Use 'm' prefix to force another search.
 You kill the sewer rat!
 The little dog bites the sewer rat.
 The sewer rat misses the little dog.
 The little dog bites the wererat.
 You miss the sewer rat.
 The sewer rat bites!
 The little dog bites the wererat.
 The wererat bites the little dog.
 You miss the sewer rat.
 The sewer rat misses!
 The little dog bites the sewer rat.
 The sewer rat is killed!
 You kill the sewer rat!
 Welcome to experience level 3.
 You feel stealthy!
 Your little dog eats a sewer rat corpse.
 It bites the wererat.
 You hear some noises.
 It bites the wererat.
 The wererat misses it.
 The little dog bites the wererat.
 It bites the wererat.
 The wererat is killed!
 You stop.  Your dog is in the way!
 You swap places with your dog.
 $ - a gold piece (34 in total).
 You swap places with your dog.
 $ - 15 gold pieces (49 in total).
 You see here a food ration.
 You learn more about your items by comparing them.
 d - an uncursed food ration (2 in total).
 You attack thin air.
 $ - 7 gold pieces (56 in total).
 $ - 13 gold pieces (69 in total).
 Valkyrie needs food, badly!
 You descend the stairs.
 The dwarf wields a dagger!
 The gnome lord picks up a gem.
 The dwarf thrusts her dagger.
 The dwarf hits!
 You hit the dwarf.
 The dwarf thrusts her dagger.
 The dwarf hits!
 You miss the dwarf.
 The dog misses the gnome lord.
 The dwarf thrusts her dagger.
 The dwarf hits!
 You die...
 Do you want your possessions identified? [ynq] (y) q

Inventory:
 Coins    ('$')
  $ - 69 gold pieces
 Weapons  (')')
  b - a +0 dagger (alternate weapon; not wielded)
  a - a +1 spear (weapon in right hand)
 Armor    ('[')
  c - an uncursed +3 small shield (being worn)
 Comestibles  ('%')
  d - 2 uncursed food rations
  f - an uncursed fortune cookie
 Scrolls  ('?')
  i - an uncursed scroll of confuse monster
  h - a blessed scroll of identify
  g - an uncursed scroll of identify
  j - 2 uncursed scrolls of remove curse
 Potions  ('!')
  k - an uncursed potion of water
 Wands    ('/')
  o - a wand of light (0:12)
 Tools    ('(')
  n - an uncursed towel

Kwijibo4686 the Valkyrie's attributes:

Background:
 You were a Skirmisher, a level 3 human Valkyrie.
 You were neutral, nominally on a mission for Odin
 who was opposed by Tyr (lawful) and Loki (chaotic).
 You were right-handed.
 You were in the Gnomish Mines, on level 5.
 You entered the dungeon 1267 turns ago.
 You had 40 experience points, 40 more were needed to attain level 4.

Basics:
 You had 0 out of 27 hit points.
 You had all 9 energy points (spell power).
 Your armor class was 6.
 Your wallet contained 69 zorkmids.
 Autopickup was on for '$?!/="' plus thrown.

Final Characteristics:
 Your strength was 17 (base:18, limit:18/100).
 Your dexterity was 12 (limit:18).
 Your constitution was 18 (limit:18).
 Your intelligence was 8 (limit:18).
 Your wisdom was 10 (limit:18).
 Your charisma was 11 (limit:18).

Final Status:
 You were weak from severe hunger.
 You were unencumbered.
 You were wielding a spear.
 You had basic skill with spear.

Final Attributes:
 You were devoutly aligned.
 You were cold resistant.
 You were stealthy.
 You are dead.

Miscellaneous:
 You didn't encounter any bones levels.
 Total elapsed playing time was 7 minutes and 32 seconds.

Major events:
 Turn
    1: Kwijibo4686 the neutral human Valkyrie entered the dungeon
 1192: attained the rank of Skirmisher (level 3)
 1259: entered the Gnomish Mines
 1267: killed by a dwarf

You didn't know any spells.

Skills:
 Fighting Skills
   bare handed combat [Unskilled]
   two weapon combat  [Unskilled]
   riding             [Unskilled]
 Weapon Skills
   dagger             [Basic]
   axe                [Unskilled]
   pick-axe           [Unskilled]
   short sword        [Unskilled]
   broadsword         [Unskilled]
   long sword         [Unskilled]
   two-handed sword   [Unskilled]
   saber              [Unskilled]
   hammer             [Unskilled]
   quarterstaff       [Unskilled]
   polearms           [Unskilled]
   spear              [Basic]
   trident            [Unskilled]
   lance              [Unskilled]
   sling              [Unskilled]
 Spellcasting Skills
   attack spells      [Unskilled]
   escape spells      [Unskilled]

Voluntary challenges:
 Character rerolling was not enabled.
 You were an atheist.
 You were illiterate.
 You never genocided any monsters.
 You never polymorphed an object.
 You never changed form.
 You used no wishes.
Achievements:
 You entered a shop.
 You attained the rank of Skirmisher.
 You entered the Gnomish Mines.

 The Dungeons of Doom: levels 1 to 4
    Level 1:
    Level 2:
       A fountain, some graves.
    Level 3:
       A potion shop, a sink.
    Level 4:
       Stairs down to The Gnomish Mines.
 The Gnomish Mines:
    Level 5: <- You were here.
       Final resting place for
          you, killed by a dwarf.


Vanquished creatures:
  a shrieker
  a wererat
 an acid blob
  a coyote
  a hobbit
  2 giant rats
  a yellow mold
  2 red molds
  a jackal
  a kobold
  a goblin
 15 sewer rats
  2 grid bugs
  a lichen
  3 newts
34 creatures vanquished.

No species were genocided or became extinct.

Game over:
                       ----------
                      /          \
                     /    REST    \
                    /      IN      \
                   /     PEACE      \
                  /                  \
                  |   Kwijibo4686    |
                  |      69 Au       |
                  |   killed by a    |
                  |      dwarf       |
                  |                  |
                  |                  |
                  |       2026       |
                 *|     *  *  *      | *
        _________)/\\_//(\/(/\)/\//\/|_)_______

Farvel Kwijibo4686 the Valkyrie...

You died in The Gnomish Mines on dungeon level 5 with 423 points,
and 69 pieces of gold, after 1267 moves.
You were level 3 with a maximum of 27 hit points when you died.

